 Dungeon Crawl Stone Soup version 0.18-a0-1206-g2bec475 (webtiles) character file.

427 Psiweapon the Bolt Thrower (level 7, 0/41 HPs)
             Began as a Kobold Hunter on Feb 2, 2016.
             Succumbed to a worker ant's poison
             ... on level 4 of the Dungeon.
             The game lasted 00:12:10 (5287 turns).

Psiweapon the Bolt Thrower (Kobold Hunter)          Turns: 5287, Time: 00:12:10

Health: 0/41       AC:  3    Str: 11    XL:     7   Next: 18%
Magic:  7/7        EV: 18    Int:  9    God:
Gold:   155        SH:  0    Dex: 20    Spells: 0 memorised, 6 levels left

rFire  . . .     SeeInvis .     b - +0 short sword
rCold  . . .     Gourm    .     n - +0 leather armour (curse)
rNeg   . . .     Faith    .     (shield restricted)
rPois  .         Spirit   .     (no helmet)
rElec  .         Dismiss  .     (no cloak)
rCorr  .         Reflect  .     (no gloves)
SustAt .         Harm     .     (no boots)
MR     .....                    (no amulet)
Stlth  ++........               (no ring)
                                (no ring)

@: lethally poisoned (0 -> -5), very slightly contaminated, invisible, not
resistant to hostile enchantments, unstealthy
A: agile 1, carnivore 3, screaming 1, subdued magic 1
a: no special abilities


You were on level 4 of the Dungeon.
You were completely stuffed.

You visited 1 branch of the dungeon, and saw 4 of its levels.

You collected 155 gold pieces.

Inventory:

Hand Weapons
 a - a +1 hand crossbow
 b - a +0 short sword (weapon)
Missiles
 g - 13 sling bullets
 i - 126 stones (quivered)
 y - a bolt
Armour
 c - a +0 leather armour
 n - a cursed +0 leather armour (worn)
Jewellery
 r - an uncursed amulet of guardian spirit {unknown}
Wands
 v - a wand of flame (22/48)
 w - a wand of draining (0/15)
Scrolls
 e - 5 scrolls of enchant weapon {unknown}
 h - a scroll of fog {unknown}
 p - a scroll of identify {unknown}
 s - 3 scrolls of teleportation {unknown}
 t - a scroll of random uselessness {unknown}
 x - a scroll of remove curse {unknown}
Potions
 k - a potion of flight
 m - 3 potions of brilliance
 q - 2 potions of haste
Comestibles
 d - a chunk of flesh
 f - 2 meat rations
 l - 2 slices of pizza


   Skills:
 + Level 3.0 Fighting
 + Level 1.3 Short Blades
 + Level 7.1 Crossbows
 + Level 1.7 Armour
 + Level 5.0 Dodging
 + Level 2.2 Stealth
 + Level 0.5 Evocations


You had 6 spell levels left.
You didn't know any spells.

Dungeon Overview and Level Annotations

Branches:
Dungeon (4/15)
 Temple: D:4-7

Altars:
Cheibriados
Qazlal


Innate Abilities, Weirdness & Mutations

You are small and have problems with some larger weapons.
You are carnivorous and can eat meat at any time.
You are agile. (Dex +2)
You occasionally shout uncontrollably at your foes.
Your spells are a little easier to cast, but a little less powerful.


Message History

* * * LOW HITPOINT WARNING * * *
You feel sick. The worker ant barely misses you. The worker ant bites you.
* * * LOW HITPOINT WARNING * * *
You hit the worker ant.
The worker ant is moderately wounded.
* * * LOW HITPOINT WARNING * * *
You feel sick. The worker ant closely misses you.
Drink which item? (? for menu, Esc to quit)
It was a potion of invisibility.
You fade into invisibility!
* * * LOW HITPOINT WARNING * * *
You feel sick. The worker ant closely misses you.
You are very lightly contaminated with residual magic.
* * * LOW HITPOINT WARNING * * *
You feel sick. The worker ant misses you.
Drink which item? (? for menu, Esc to quit)
It was a potion of mutation.
You feel extremely strange.
You feel the urge to shout.
You feel agile.
Your connection to magic feels subdued.
You die...

###.......###### ### ##
.##.#####......# #.####.
....#####......###### ##.##..
....##....###....##.## #....#
....##......#........## ##...##
....##......#.........#####)....#
........._...............))###..#
......#......##..........### ##..
......#......##.@........# #..
......###....##..a........# ##.
..........#####.......>....# #.
..#.......#####............# ##.
##....###)..................###..
#..###.###......(................
#.## #..####................#....
#)# #g## ##................#..#
#.# #g# ###................#


You could see a worker ant.

Vanquished Creatures
  A phantom (D:4)
  A hound (D:4)
  A gnoll shaman (D:4)
  3 worker ants (D:4)
  5 adders
  5 gnolls
  2 oozes
  2 worms (D:2)
  4 giant geckos
  7 orcs
  2 giant cockroaches
  10 goblins
  8 hobgoblins
  9 jackals
  A quokka (D:4)
  2 ball pythons
  8 bats
  3 giant newts
  9 kobolds
  18 rats
101 creatures vanquished.

Notes
Turn   | Place    | Note
--------------------------------------------------------------
     0 | D:1      | Psiweapon the Kobold Hunter began the quest for the Orb.
     0 | D:1      | Reached XP level 1. HP: 12/12 MP: 1/1
    60 | D:1      | Reached skill level 5 in Crossbows
   198 | D:1      | Reached XP level 2. HP: 17/17 MP: 2/2
   831 | D:1      | Reached XP level 3. HP: 20/22 MP: 3/3
  1303 | D:2      | Found a stormy altar of Qazlal.
  1503 | D:2      | Reached XP level 4. HP: 27/27 MP: 4/4
  1534 | D:2      | Found a faded altar to an unknown god.
  1724 | D:2      | Reached skill level 1 in Armour
  2393 | D:3      | Reached XP level 5. HP: 16/31 MP: 5/5
  2629 | D:3      | Reached skill level 6 in Crossbows
  3414 | D:4      | Reached XP level 6. HP: 29/36 MP: 6/6
  3612 | D:4      | Noticed a phantom
  3628 | D:4      | Killed a phantom
  3628 | D:4      | Reached skill level 1 in Short Blades
  3788 | D:4      | Noticed a phantom
  4294 | D:4      | Found a snail-covered altar of Cheibriados.
  4318 | D:4      | Reached skill level 7 in Crossbows
  4719 | D:3      | Reached XP level 7. HP: 8/40 MP: 7/7
  5129 | D:4      | Reached skill level 5 in Dodging
  5283 | D:4      | HP: 2/41 [poisoned by a worker ant]
  5287 | D:4      | Gained mutation: You occasionally shout uncontrollably at your foes. [potion of mutation]
  5287 | D:4      | Gained mutation: You are agile. (Dex +2) [potion of mutation]
  5287 | D:4      | Gained mutation: Your spells are a little easier to cast, but a little less powerful. [potion of mutation]
  5287 | D:4      | Succumbed to a worker ant's poison

Vault maps used:
D:1:      minmay_arrival_loop, minmay_rat_gold_closets
D:2:      old_standard_altar, ecumenical_altar_2, first_bread
D:4:      nicolae_overflow_crystal_walls

Action                   |  1- 3 |  4- 6 |  7- 9 || total
-------------------------+-------+-------+-------++-------
Melee: Short sword       |    99 |   237 |    22 ||   358
 Fire: Hand crossbow     |    27 |    66 |       ||    93
Evoke: Wand              |       |       |    12 ||    12
  Use: Potion            |       |     5 |     2 ||     7
 Stab: Sleeping          |     4 |     2 |       ||     6
  Eat: Chunk             |    10 |    10 |     3 ||    23
